 Dungeon Crawl Stone Soup version 0.27-a0-1202-ge72e49191c (webtiles) character file.

Game seed: 14494406806139079100

28 kae the Skirmisher (level 2, 0/24 HPs)
             Began as a Demonspawn Abyssal Knight on June 3, 2021.
             Was a Follower of Lugonu.
             Slain by an orc
             ... wielding a +2 dagger of holy wrath
              (4 damage)
             ... on level 2 of the Dungeon.
             The game lasted 00:00:50 (1583 turns).

kae the Skirmisher (Demonspawn Abyssal Knight)      Turns: 1583, Time: 00:00:51

Health: 0/24       AC:  4    Str: 12    XL:     2   Next: 96%
Magic:  4/4        EV: 11    Int: 13    God:    Lugonu [*.....]
Gold:   99         SH:  0    Dex: 12    Spells: 1/1 levels left

rFire    . . .     SeeInvis .   a - +1 falchion
rCold    . . .     Faith    .   (no shield)
rNeg     . . .     Spirit   .   b - +0 leather armour
rPois    .         Reflect  .   i - +0 helmet
rElec    .         Harm     .   (no cloak)
rCorr    .         Rampage  .   (no gloves)
Will     .....                  (no boots)
Stlth    +.........             (no amulet)
HPRegen  0.08/turn              (no ring)
MPRegen  0.09/turn              (no ring)

@: no status effects
A: claws 1
a: Renounce Religion, Depart the Abyss


You were on level 2 of the Dungeon.
You worshipped Lugonu.
Lugonu was aware of your devotion.
You visited 1 branch of the dungeon, and saw 2 of its levels.
You visited the Abyss 1 time.

You collected 99 gold pieces.

Inventory:

Hand Weapons
 a - a +1 falchion (weapon)
Armour
 b - a +0 leather armour (worn)
 i - a +0 helmet (worn)
Scrolls
 e - 2 scrolls of blinking {unknown}
 g - 2 scrolls of teleportation {unknown}
 h - a scroll of enchant armour {unknown}
Potions
 c - a potion of cancellation {unknown}
 d - a potion of invisibility {unknown}
 f - a potion of magic {unknown}
 j - a potion of brilliance {unknown}


   Skills:
 + Level 3.3 Fighting
 - Level 2.1 Long Blades
 - Level 1.7 Armour
 - Level 0.8 Dodging
 * Level 1.0 Unarmed Combat
 + Level 3.0 Invocations


You had one spell level left.
You didn't know any spells.
Your spell library contained the following spells:

 Spells                   Type           Power      Damage    Failure   Level
 Animate Skeleton         Necr           0%         N/A       36%         1
 Apportation              Tloc           0%         N/A       36%         1
 Corona                   Hex            0%         N/A       36%         1
 Summon Small Mammal      Summ           0%         N/A       36%         1
 Confusing Touch          Hex            0%         N/A       75%         3
 Gell's Gravitas          Tloc           0%         N/A       75%         3
 Petrify                  Tmut/Erth      0%         N/A       98%         4
 Metabolic Englaciation   Hex/Ice        0%         N/A       100%        5
 Yara's Violent Unravell  Hex/Tmut       0%         3d3       100%        5


Dungeon Overview and Level Annotations

Branches:
Dungeon (1/15)

Altars:


Innate Abilities, Weirdness & Mutations

You have sharp fingernails.


Message History

No target in view!
No target in view!
You open the door.
There is an open door here.
Found a stone staircase leading down.
An orc comes into view.
It is wielding a +2 dagger of holy wrath.
The orc shouts!
You hear a shout!
An orc is nearby!
An orc is nearby!
An orc comes into view.
It is wielding a +0 club and wearing a +1 chain mail of fire resistance.
An orc comes into view. It is wielding a +0 dagger.
The orc shouts!
The orc hits you with a +2 dagger of holy wrath.
You convulse.
You hit the orc.
The orc is moderately wounded.
The orc hits you with a +2 dagger of holy wrath.
You convulse.
There are monsters nearby!
You are too injured to fight recklessly!
You are too injured to fight recklessly!
You are too injured to fight recklessly!
You are too injured to fight recklessly!
You are too injured to fight recklessly!
You are too injured to fight recklessly!
You barely miss the orc.
The orc is moderately wounded.
You hit the orc but do no damage. You barely miss the orc.
The orc hits you with a +0 club. The orc hits you but does no damage.
You hit the orc.
You kill the orc!
Lugonu accepts your kill.
You hit the orc but do no damage.
The orc is lightly wounded.
The orc closely misses you.
The orc hits you with a +2 dagger of holy wrath.
* * * LOW HITPOINT WARNING * * *
You convulse.
You die...

#####################.#
#..............@oo....#
#.###################.#
#.# #.# #.# #.# #. #.#
#.######### #.#
#.........# #.#
#.........##


You could see 2 orcs.

Vanquished Creatures
  A worm (D:2)
  An orc (D:2)
  A bat (D:1)
  2 endoplasms (D:2)
  A goblin (D:1)
  A hobgoblin (D:2)
  6 jackals (D:2)
  2 quokkas (D:1)
  A ball python (D:1)
  A frilled lizard (D:1)
  3 kobolds (D:1)
  A rat (D:1)
21 creatures vanquished.

Notes
Turn   | Place    | Note
-------+----------+-------------------------------------------
     0 | Abyss:1  | kae the Demonspawn Abyssal Knight began the quest for the
                  | Orb.
     0 | Abyss:1  | Reached XP level 1. HP: 18/18 MP: 2/2
     5 | Abyss:1  | Noticed a bone dragon
    40 | D:1      | Escaped the Abyss
   624 | D:1      | Reached * piety under Lugonu
   630 | D:1      | Gained mutation: You have sharp fingernails. [demonic
                  | ancestry]
   630 | D:1      | Reached XP level 2. HP: 20/24 MP: 4/4
   981 | D:1      | You fall into a shaft and drop 1 floor!
  1376 | D:2      | Reached skill level 1 in Unarmed Combat
  1583 | D:2      | Slain by an orc

Illustrated notes

Levels and vault maps discovered:
D:1:      lightli_arrival_isolated_outpost, layout_basic
D:2:      layout_basic

Skill      XL: |  1  2 |
---------------+-------+-----
Long Blades    | 2 |  2.1
Invocations    | 3 |  3.0
Unarmed Combat | 1 |  1.0
Fighting       | |  3.3
Armour         | |  1.7
Dodging        | |  0.8

Action                   || total
-------------------------++-------
Melee: Falchion          ||    71
Invok: Depart the Abyss  ||     1
Armor: Leather armour    ||    17
Dodge: Dodged            ||    45
       Rpst.: Falchion   ||    19

Table legend: (Time is in decaauts)
 A = Elapsed time spent in this place.
 B = Non-inter-level travel time spent in this place.
 C = Inter-level travel time spent in this place.
 D = Time resting spent in this place.
 E = Time spent auto-exploring this place.
 F = Levels seen in this place.
 G = Mean time per level.
                   A        B        C        D        E       F      G
               +--------+--------+--------+--------+--------+-----+--------+
         Total |   1600 |   1600 |      0 |      2 |   1403 |   3 |  533.3 |
       Dungeon |   1560 |   1560 |      0 |      0 |   1398 |   2 |  780.0 |
         Abyss |     40 |     40 |      0 |      2 |      5 |   1 |   40.0 |
               +--------+--------+--------+--------+--------+-----+--------+

Top non-repeatable levels by time:
     D:1: 951 daAuts
     D:2: 608 daAuts
 Abyss:1: 40 daAuts
